 Dungeon Crawl Stone Soup version 0.29.0-4-gdea44cf6ec (webtiles) character file.

Game seed: 4958934964063469324

56938 qw the Severer (level 14, 0/111 (133) HPs)
             Began as a Minotaur Fighter on Sept 6, 2022.
             Was a High Priest of Ru.
             Slain by a skeletal warrior
             ... wielding a +0 trident
              (15 damage)
             ... on level 13 of the Dungeon.
             The game lasted 00:08:39 (23656 turns).

qw the Severer (Minotaur Fighter)                  Turns: 23656, Time: 00:08:40

HP:   0/111 (133)   AC: 29    Str: 26    XL:     14   Next: 43%
MP:   13/13         EV: 10    Int:  5    God:    Ru [*****.]
Gold: 1284          SH:  6    Dex: 10    Spells: 13/13 levels left

rFire   . . .      SeeInvis .   Y - +2 war axe (drain)
rCold   . . .      Faith    .   c - +0 buckler
rNeg    . . .      Spirit   .   g - +0 crystal plate armour
rPois   .          Reflect  .   (helmet restricted)
rElec   .          Harm     .   (no cloak)
rCorr   .          Rampage  .   (no gloves)
Will    +....                   m - +0 pair of boots
Stlth   ..........              a - amulet of the acrobat
HPRegen 0.28/turn               t - +4 ring of evasion
MPRegen 0.13/turn               l - +4 ring of protection

@: exhausted, heavily drained
A: horns 2, inability to use devices, hated by all, inability to train dodging,
no conjurations magic, no ice magic, no transmutations magic, retaliatory
headbutt
a: Renounce Religion, Draw Out Power, Power Leap, Apocalypse


You were on level 13 of the Dungeon.
You worshipped Ru.
Ru was extremely pleased with you.
You visited 2 branches of the dungeon, and saw 18 of its levels.
You also visited: Sewer and Ossuary.

You collected 1582 gold pieces.
You spent 298 gold pieces at shops.


Innate Abilities, Weirdness & Mutations

You have a pair of horns on your head.
You cannot study or use magical devices.
You are hated by all.
You cannot train Dodging skill.
You cannot study or cast Conjurations magic.
You cannot study or cast Ice magic.
You cannot study or cast Transmutations magic.
You reflexively headbutt those who attack you in melee.


   Skills:
 + Level 14.5 Fighting
 - Level 17.0 Axes
 - Level 8.0 Throwing
 - Level 16.0 Armour
 - Level 9.0 Shields


You had 13 spell levels left.
You didn't know any spells.
Your spell library was empty.

Inventory:

Hand Weapons
 b - a +0 morningstar
 Y - a +2 war axe of draining (weapon)
Missiles
 o - 4 silver javelins (quivered)
 u - 12 boomerangs
 w - a javelin
Armour
 c - a +0 buckler (worn)
 g - a +0 crystal plate armour (worn)
 m - a +0 pair of boots (worn)
 q - the +3 hat of Pondering {ponderous, Will+ MP+10 Int+5}
   (You took it off Gastronok on level 3 of the Lair of Beasts)

   Int:       It affects your intelligence (+5).
   MP:        It affects your magic capacity (+10).
   Will:      It increases your willpower.
Jewellery
 a - an amulet of the acrobat (around neck)
 l - a +4 ring of protection (right hand)
 n - an amulet of regeneration
 t - a +4 ring of evasion (left hand)
Scrolls
 f - 16 scrolls of identify
Potions
 d - 5 potions of might
 h - 7 potions of curing
 i - 4 potions of haste
 j - 2 potions of resistance
 s - 3 potions of mutation

Dungeon Overview and Level Annotations

Branches:
Dungeon (13/15)            Temple (0/1) D:7            Lair (5/5) D:8
 Shoals (0/4) Lair:2        Snake (0/4) Lair:3        Slime (0/5) Lair:4
    Orc (0/2) D:11          Sewer (visited)         Ossuary (visited)
 Vaults: D:13-14

Altars:
Ashenzari
Dithmenos
Gozag
Kikubaaqudgha
Nemelex Xobeh
Okawaru
Qazlal
Ru
Trog
Uskayaw
Wu Jian
Zin
The Shining One

Shops:
D:5 *?   D:8 *   D:11 [(

Annotations:
D:7 3 runed translucent doors, qw's ghost, novice GrFi
Lair:1 1 runed translucent door, qw's ghost, novice GrFi
Lair:4 1 runed translucent door


Message History

You redirect the slime creature's attack!
The slime creature closely misses the skeletal warrior.
You hit the slime creature.
You kill the slime creature!
You hit the skeletal warrior. You hit the slime creature.
You drain the slime creature.
You kill the slime creature!
You hit the slime creature. You drain the slime creature.
The slime creature hits you but does no damage.
You slice the slime creature!!
You kill the slime creature!
You hit the skeletal warrior.
You feel your willpower return.
The skeletal warrior hits you but does no damage.
You block the skeletal warrior's attack.
The skeletal warrior hits you but does no damage.
You slash the skeletal warrior!
You headbutt the skeletal warrior, but do no damage.
The skeletal warrior is heavily damaged.
The skeletal warrior barely misses you.
The skeletal warrior hits you from afar with a +0 trident!
You block the skeletal warrior's attack.
You slash the skeletal warrior!
The skeletal warrior is severely damaged.
You hit the skeletal warrior but do no damage.
The skeletal warrior is severely damaged.
You block the skeletal warrior's attack.
The skeletal warrior hits you but does no damage. x2
You completely miss the skeletal warrior.
You headbutt the skeletal warrior, but do no damage.
The skeletal warrior is severely damaged.
The skeletal warrior hits you but does no damage. x3
You hit the skeletal warrior but do no damage.
The skeletal warrior is severely damaged.
You slash the skeletal warrior!
You headbutt the skeletal warrior, but do no damage.
The skeletal warrior is almost destroyed.
The skeletal warrior hits you but does no damage.
The skeletal warrior hits you from afar with a +0 trident!
You die...

#........
#...................
#...................
##..........>.......
#.................
#........J.....!.
.....z.z.......
#..............
#....z@......#
##..........##
##.........#
##........#
##........#
##........ ##.......
#......


You could see 3 skeletal warriors and a slime creature (drained).

Vanquished Creatures
  Kirke (D:12)
  Gastronok (Lair:3)
  A centaur warrior (D:8)
  5 hydras
  2 two-headed ogres (D:11)
  Urug (Lair:3)
  A soul eater (D:9)
  5 skeletal warriors (D:12)
  2 deep elf pyromancers (D:12)
  2 ugly things (D:12)
  A rust devil (D:9)
  2 cyclopes
  14 elephants
  3 black mambas
  A smoke demon (D:9)
  7 cane toads
  2 gargoyles (D:12)
  Maggie (D:6)
  3 kobold demonologists
  2 rime drakes
  6 komodo dragons
  An unseen horror (D:10)
  A red devil (D:9)
  A hellwing (D:9)
  8 polar bears
  3 trolls
  2 merfolk (Lair:2)
  7 hornets
  11 slime creatures
  6 blink frogs
  Prince Ribbit (D:8)
  12 dream sheep
  A shadow (D:11)
  12 spriggans (Lair:5)
  Sigmund (D:3)
  32 yaks
  5 wyverns
  2 hogs (D:12)
  A human (D:12)
  6 basilisks
  3 steam dragons
  15 vampire mosquitoes
  7 nagas (Lair:3)
  2 acid dragons
  14 water moccasins
  9 orc warriors
  4 black bears (Lair:5)
  5 boggarts (Lair:5)
  An ice beast (D:7)
  3 ogres
  15 wolves (Lair:5)
  14 centaurs
  A phantom (D:7)
  A kobold brigand (D:10)
  9 bullfrogs
  4 scorpions
  A gnoll sergeant (D:5)
  2 necrophages (D:6)
  13 killer bees
  An electric eel (Lair:2)
  3 howler monkeys
  A lava snake (D:10)
  5 jellies
  2 quasits (D:9)
  3 gnoll boudas
  3 human zombies (Ossuary)
  10 hounds
  9 orc priests
  Terence (D:2)
  7 hell rats (Lair:1)
  4 iguanas
  8 orc wizards
  4 mummies (Ossuary)
  31 gnolls
  13 adders
  3 river rats (Sewer)
  2 white imps (D:7)
  3 ufetubi
  7 worms
  4 dart slugs
  65 orcs
  9 bats
  16 endoplasms
  8 giant cockroaches
  2 gnoll zombies (Ossuary)
  8 hobgoblins
  20 jackals
  24 kobolds
  4 quokkas
  9 ball pythons
  3 frilled lizards (Sewer)
  8 goblins
  2 goblin zombies (Ossuary)
  A hobgoblin zombie (Ossuary)
  A jackal zombie (Ossuary)
  3 kobold zombies (Ossuary)
  7 rats
  A butterfly (Lair:1)
614 creatures vanquished.

Vanquished Creatures (others)
  A hydra (Lair:3)
  A wizard (D:8)
  An elephant (Lair:4)
  A black bear (Lair:5)
  4 demonic plants (D:9)
  24 fungi
  23 plants
  9 toadstools (D:3)
64 creatures vanquished.

Grand Total: 678 creatures vanquished

Notes
Turn   | Place    | Note
-------+----------+-------------------------------------------
     0 | D:1      | qw the Minotaur Fighter began the quest for the Orb.
     0 | D:1      | Reached XP level 1. HP: 19/19 MP: 0/0
     0 | D:1      | 0 ||| qw: Version: 0.1-a-107-g9ff403c
     0 | D:1      | 0 ||| qw: Game counter: 6119
     0 | D:1      | 0 ||| qw: Always use a shield: true
     0 | D:1      | 0 ||| qw: God list: Ru
     0 | D:1      | 0 ||| qw: Allow faded altars: false
     0 | D:1      | 0 ||| qw: Do Orc after D:15 true
     0 | D:1      | 0 ||| qw: Do second Lair branch before Depths: true
     0 | D:1      | 0 ||| qw: Lair rune preference: random
     0 | D:1      | 0 ||| qw: Plans: Normal
     0 | D:1      | 0 ||| PLANNING D:1-11
   101 | D:1      | Reached skill level 3 in Axes
   117 | D:1      | Reached XP level 2. HP: 12/26 MP: 1/1
   450 | D:1      | 450 ||| Stepping ~*~*~tactically~*~*~ (stealth).
   451 | D:1      | 451 ||| Stepping ~*~*~tactically~*~*~ (stealth).
   457 | D:1      | 457 ||| Stepping ~*~*~tactically~*~*~ (stealth).
   462 | D:1      | 462 ||| Stepping ~*~*~tactically~*~*~ (stealth).
   464 | D:1      | 464 ||| Stepping ~*~*~tactically~*~*~ (stealth).
   619 | D:1      | Reached skill level 4 in Axes
   685 | D:1      | 685 ||| Stepping ~*~*~tactically~*~*~ (stealth).
   686 | D:1      | 686 ||| Stepping ~*~*~tactically~*~*~ (stealth).
   687 | D:1      | 687 ||| Stepping ~*~*~tactically~*~*~ (stealth).
   883 | D:1      | 883 ||| READING scroll labelled GAUC ZODIN.
   884 | D:1      | 884 ||| READING 2 scrolls labelled QEIFINOPTA.
   950 | D:2      | Noticed Terence
   959 | D:2      | Killed Terence
   960 | D:2      | Reached XP level 3. HP: 30/31 MP: 2/2
  1015 | D:2      | 1015 ||| READING scroll of enchant weapon.
  1015 | D:2      | 1015 ||| ENCHANTING +1 war axe.
  1033 | D:2      | Reached skill level 5 in Axes
  1267 | D:2      | Reached XP level 4. HP: 39/39 MP: 3/3
  1491 | D:2      | Reached skill level 1 in Dodging
  1513 | D:2      | Reached skill level 1 in Throwing
  1538 | D:2      | 1538 ||| DROPPING +0 club.
  1807 | D:2      | 1807 ||| UPGRADING to +6 ring of dexterity.
  1808 | D:2      | 1808 ||| READING scroll labelled ISU QANTAOXO.
  1909 | D:2      | 1909 ||| READING scroll labelled SET FYIKKIHO.
  1910 | D:2      | 1910 ||| READING scroll labelled WIEGUI SORGH.
  1911 | D:2      | 1911 ||| Stepping randomly (stuck).
  1912 | D:2      | 1912 ||| Stepping ~*~*~tactically~*~*~ (cloud).
  2116 | D:3      | 2116 ||| STAIRDANCE
  2121 | D:3      | 2121 ||| Stepping ~*~*~tactically~*~*~ (stealth).
  2122 | D:3      | 2122 ||| Stepping ~*~*~tactically~*~*~ (hiding).
  2268 | D:3      | 2268 ||| READING scroll of enchant weapon.
  2268 | D:3      | 2268 ||| ENCHANTING +2 war axe.
  2349 | D:3      | Found an ornate altar of the Wu Jian Council.
  2396 | D:3      | Noticed Sigmund
  2397 | D:3      | 2397 ||| Stepping ~*~*~tactically~*~*~ (hiding).
  2402 | D:3      | Killed Sigmund
  2403 | D:3      | Reached skill level 7 in Axes
  2403 | D:3      | Reached XP level 5. HP: 45/45 MP: 4/4
  2403 | D:3      | Reached XP level 6. HP: 51/51 MP: 5/5
  2425 | D:3      | 2425 ||| Stepping ~*~*~tactically~*~*~ (stealth).
  2433 | D:3      | 2433 ||| Stepping ~*~*~tactically~*~*~ (stealth).
  2459 | D:3      | 2459 ||| READING scroll of enchant weapon.
  2459 | D:3      | 2459 ||| ENCHANTING +3 war axe.
  2574 | D:3      | Found a faded altar of an unknown god.
  2944 | D:3      | 2944 ||| Stepping ~*~*~tactically~*~*~ (stealth).
  2983 | D:3      | Reached skill level 8 in Axes
  3172 | D:3      | 3172 ||| DROPPING +2 leather armour of cold resistance.
  3173 | D:3      | 3173 ||| UPGRADING to amulet of the acrobat.
  3178 | D:3      | 3178 ||| READING scroll labelled HUIKHI HUCZIH.
  3179 | D:3      | 3179 ||| READING 2 scrolls labelled EFYIR REYSIAR.
  3182 | D:3      | 3182 ||| READING 2 scrolls of identify.
  3182 | D:3      | 3182 ||| IDENTIFYING coppery potion
  3183 | D:3      | 3183 ||| DROPPING potion of degeneration.
  3206 | D:4      | 3206 ||| PLANNING SEWER
  3256 | D:4      | Found an ancient bone altar of Kikubaaqudgha.
  3319 | D:4      | Found a glowing drain.
  3320 | D:4      | 3320 ||| UPGRADING to ring of resist corrosion.
  3330 | Sewer    | Entered a sewer
  3355 | Sewer    | 3355 ||| Stepping ~*~*~tactically~*~*~ (water).
  3542 | Sewer    | Reached XP level 7. HP: 59/59 MP: 6/6
  3630 | Sewer    | 3630 ||| Stepping ~*~*~tactically~*~*~ (water).
  3753 | Sewer    | 3753 ||| READING scroll labelled ZYOTUY MUDO.
  3754 | Sewer    | 3754 ||| READING 3 scrolls labelled BOEJIEKALI.
  3755 | Sewer    | 3755 ||| DROPPING potion of flight.
  3791 | D:4      | 3791 ||| PLANNING D:1-11
  3863 | D:4      | Reached skill level 9 in Axes
  4153 | D:4      | 4153 ||| DROPPING +0 whip.
  4177 | D:4      | 4177 ||| Stepping ~*~*~tactically~*~*~ (hiding).
  4680 | D:4      | 4680 ||| READING scroll labelled OROUTZ GYMAPAO.
  4681 | D:4      | 4681 ||| READING scroll labelled UBBUIPN KIAHO.
  4682 | D:4      | 4682 ||| DRINKING 2 metallic dark potions.
  4683 | D:4      | 4683 ||| DRINKING 2 bubbling blue potions.
  4684 | D:4      | 4684 ||| READING 3 scrolls of identify.
  4684 | D:4      | 4684 ||| IDENTIFYING blue potion
  4685 | D:4      | 4685 ||| READING 2 scrolls of identify.
  4685 | D:4      | 4685 ||| IDENTIFYING bubbling puce potion
  4686 | D:4      | 4686 ||| DROPPING potion of ambrosia.
  4687 | D:4      | 4687 ||| DROPPING potion of brilliance.
  4697 | D:5      | Entered Level 5 of the Dungeon
  4700 | D:5      | 4700 ||| STAIRDANCE
  4706 | D:5      | Reached skill level 10 in Axes
  4731 | D:5      | Found a shadowy altar of Dithmenos.
  4778 | D:5      | 4778 ||| Stepping ~*~*~tactically~*~*~ (stealth).
  4820 | D:5      | 4820 ||| Stepping ~*~*~tactically~*~*~ (hiding).
  4823 | D:5      | 4823 ||| Stepping ~*~*~tactically~*~*~ (stealth).
  4831 | D:5      | Reached XP level 8. HP: 56/68 MP: 7/7
  4833 | D:5      | 4833 ||| FLEEEEING.
  4835 | D:5      | 4835 ||| FLEEEEING.
  4836 | D:5      | 4836 ||| FLEEEEING.
  4837 | D:5      | 4837 ||| FLEEEEING.
  4838 | D:5      | 4838 ||| STAIRDANCE
  4885 | D:4      | 4885 ||| READING scroll labelled IMOAPR EMEUT.
  5117 | D:5      | 5117 ||| Stepping ~*~*~tactically~*~*~ (hiding).
  5118 | D:5      | 5118 ||| Stepping ~*~*~tactically~*~*~ (stealth).
  5124 | D:5      | Reached skill level 3 in Dodging
  5307 | D:5      | Found Wypumops's Assorted Antiques.
  5326 | D:5      | 5326 ||| DROPPING +0 mace of pain.
  5332 | D:5      | 5332 ||| BUYING glowing war axe (156 gold).
  5332 | D:5      | Bought a glowing war axe for 156 gold pieces
  5332 | D:5      | 5332 ||| SHOPLISTING kite shield (108 gold, have 61).
  5332 | D:5      | 5332 ||| SHOPLISTING potion of might (96 gold, have 61).
  5332 | D:5      | 5332 ||| BUYING sapphire potion (21 gold).
  5332 | D:5      | Bought a sapphire potion for 21 gold pieces
  5332 | D:5      | 5332 ||| BUYING scroll labelled XUARGH AHIRE (24 gold).
  5332 | D:5      | Bought a scroll labelled XUARGH AHIRE for 24 gold pieces
  5332 | D:5      | 5332 ||| SHOPLISTING scroll of enchant weapon (180 gold,
                  | have 16).
  5332 | D:5      | 5332 ||| SWAPPING to +2 war axe of electrocution.
  5333 | D:5      | 5333 ||| DROPPING +4 war axe.
  5424 | D:5      | Reached skill level 6 in Fighting
  5529 | D:5      | Identified the +1 leather armour of Submission {Str+4 Dex+5
                  | Stlth-}
  5594 | D:5      | 5594 ||| Stepping ~*~*~tactically~*~*~ (hiding).
  5595 | D:5      | 5595 ||| Stepping ~*~*~tactically~*~*~ (hiding).
  5776 | D:5      | 5776 ||| DROPPING +0 flail.
  5801 | D:5      | 5801 ||| Stepping ~*~*~tactically~*~*~ (stealth).
  5818 | D:5      | 5818 ||| Stepping ~*~*~tactically~*~*~ (stealth).
  5827 | D:5      | Reached skill level 11 in Axes
  5860 | D:5      | 5860 ||| Stepping ~*~*~tactically~*~*~ (stealth).
  5863 | D:5      | 5863 ||| Stepping ~*~*~tactically~*~*~ (hiding).
  5866 | D:5      | 5866 ||| DRINKING potion of curing.
  5866 | D:5      | 5866 ||| (to cure confusion)
  5888 | D:5      | 5888 ||| Stepping ~*~*~tactically~*~*~ (stealth).
  5901 | D:5      | 5901 ||| FLEEEEING.
  6202 | D:5      | Found a hide-covered altar of Uskayaw.
  6202 | D:5      | Noticed a +0 dagger
  6203 | D:5      | Noticed a +0 short sword
  6203 | D:5      | Noticed a +0 spear
  6204 | D:5      | Noticed a +0 spear
  6204 | D:5      | Noticed a +0 falchion
  6205 | D:5      | Noticed a +0 falchion
  6205 | D:5      | Noticed a +0 short sword
  6205 | D:5      | Noticed a +0 dagger
  6221 | D:5      | 6221 ||| FLEEEEING.
  6222 | D:5      | 6222 ||| FLEEEEING.
  6223 | D:5      | 6223 ||| FLEEEEING.
  6224 | D:5      | 6224 ||| FLEEEEING.
  6225 | D:5      | 6225 ||| FLEEEEING.
  6233 | D:5      | 6233 ||| FLEEEEING.
  6234 | D:5      | 6234 ||| FLEEEEING.
  6235 | D:5      | 6235 ||| FLEEEEING.
  6236 | D:5      | 6236 ||| FLEEEEING.
  6237 | D:5      | 6237 ||| FLEEEEING.
  6238 | D:5      | 6238 ||| FLEEEEING.
  6447 | D:5      | Found a sparkling altar of Nemelex Xobeh.
  6447 | D:5      | Found a glowing silver altar of Zin.
  6631 | D:5      | Found Nubbeur's Magic Scroll Boutique.
  6636 | D:5      | 6636 ||| SHOPLISTING scroll of brand weapon (123 gold, have
                  | 107).
  6636 | D:5      | 6636 ||| BUYING scroll of enchant armour (97 gold).
  6636 | D:5      | Bought a scroll of enchant armour for 97 gold pieces
  6636 | D:5      | 6636 ||| SHOPLISTING scroll of identify (26 gold, have 10).
  6636 | D:5      | 6636 ||| SHOPLISTING scroll of teleportation (39 gold, have
                  | 10).
  6659 | D:5      | 6659 ||| DROPPING +1 leather armour of Submission {Str+4
                  | Dex+5 Stlth-}.
  6660 | D:5      | 6660 ||| UPGRADING to +4 ring of evasion.
  6662 | D:5      | 6662 ||| UPGRADING to +6 ring of dexterity.
  6664 | D:5      | 6664 ||| DROPPING ring of resist corrosion.
  6665 | D:5      | 6665 ||| READING scroll labelled XUARGH AHIRE.
  6666 | D:5      | 6666 ||| READING scroll labelled CAISCHU FU JEKEJ.
  6667 | D:5      | 6667 ||| DRINKING 2 sapphire potions.
  6668 | D:5      | 6668 ||| READING 3 scrolls of identify.
  6668 | D:5      | 6668 ||| IDENTIFYING metallic puce potion
  6669 | D:5      | 6669 ||| READING 2 scrolls of identify.
  6669 | D:5      | 6669 ||| IDENTIFYING grey potion
  6670 | D:5      | 6670 ||| DROPPING potion of berserk rage.
  6671 | D:5      | 6671 ||| DROPPING potion of attraction.
  6780 | D:6      | Noticed Maggie
  6781 | D:6      | 6781 ||| Stepping ~*~*~tactically~*~*~ (hiding).
  6782 | D:6      | 6782 ||| Stepping ~*~*~tactically~*~*~ (hiding).
  6792 | D:6      | Killed Maggie
  6793 | D:6      | Reached skill level 12 in Axes
  6793 | D:6      | Reached XP level 9. HP: 62/75 MP: 8/8
  6872 | D:6      | 6872 ||| Stepping ~*~*~tactically~*~*~ (stealth).
  6934 | D:6      | 6934 ||| Stepping ~*~*~tactically~*~*~ (stealth).
  6944 | D:6      | 6944 ||| Stepping ~*~*~tactically~*~*~ (stealth).
  7115 | D:6      | Found a broken altar of Ashenzari.
  7152 | D:6      | 7152 ||| Stepping ~*~*~tactically~*~*~ (stealth).
  7311 | D:6      | 7311 ||| Stepping ~*~*~tactically~*~*~ (stealth).
  7316 | D:6      | 7316 ||| Stepping ~*~*~tactically~*~*~ (stealth).
  7317 | D:6      | 7317 ||| Stepping ~*~*~tactically~*~*~ (stealth).
  7322 | D:6      | 7322 ||| Stepping ~*~*~tactically~*~*~ (stealth).
  7348 | D:6      | 7348 ||| Stepping ~*~*~tactically~*~*~ (stealth).
  7484 | D:6      | 7484 ||| Stepping ~*~*~tactically~*~*~ (hiding).
  7492 | D:6      | 7492 ||| Stepping ~*~*~tactically~*~*~ (hiding).
  7502 | D:6      | Reached skill level 13 in Axes
  7502 | D:6      | 7502 ||| FLEEEEING.
  7509 | D:6      | 7509 ||| STAIRDANCE
  7611 | D:5      | 7611 ||| UPGRADING to +0 acid dragon scales.
  7621 | D:5      | 7621 ||| DROPPING +0 scale mail.
  7622 | D:5      | 7622 ||| READING 3 scrolls of enchant armour.
  7622 | D:5      | 7622 ||| ENCHANTING +0 acid dragon scales.
  7623 | D:5      | 7623 ||| READING 2 scrolls of enchant armour.
  7623 | D:5      | 7623 ||| ENCHANTING +1 acid dragon scales.
  7624 | D:5      | 7624 ||| READING scroll of enchant armour.
  7624 | D:5      | 7624 ||| ENCHANTING +2 acid dragon scales.
  7625 | D:5      | 7625 ||| READING 2 scrolls of identify.
  7625 | D:5      | 7625 ||| IDENTIFYING green potion
  7626 | D:5      | 7626 ||| DROPPING potion of lignification.
  7660 | D:6      | Reached skill level 3 in Throwing
  7926 | D:7      | 7926 ||| PLANNING OSSUARY
  7994 | D:7      | Found a runed translucent gate.
  7996 | D:7      | Found a runed translucent gate.
  7996 | D:7      | Found a runed translucent gate.
  8002 | D:7      | Noticed qw's ghost (novice GrFi)
  8006 | D:7      | Found an opulent altar of Gozag.
  8246 | D:7      | Found a staircase to the Ecumenical Temple.
  8262 | D:7      | Noticed a seven-headed hydra
  8267 | D:7      | 8267 ||| SWAPPING to +2 flail of protection.
  8274 | D:7      | HP: 20/81 [seven-headed hydra (7)]
  8275 | D:7      | 8275 ||| READING 3 scrolls of teleportation.
  8275 | D:7      | HP: 9/81 [seven-headed hydra (3)]
  8277 | D:7      | Killed a seven-headed hydra
  8278 | D:7      | Reached skill level 6 in Dodging
  8278 | D:7      | Reached XP level 10. HP: 10/88 MP: 9/9
  8278 | D:7      | 8278 ||| SWAPPING to +2 war axe of electrocution.
  8607 | D:7      | Found a sand-covered staircase.
  8608 | D:7      | 8608 ||| READING 2 scrolls of identify.
  8608 | D:7      | 8608 ||| IDENTIFYING bubbling cyan potion
  8617 | Ossuary  | Entered an ossuary
  8773 | Ossuary  | 8773 ||| READING 2 scrolls of enchant armour.
  8773 | Ossuary  | 8773 ||| ENCHANTING +3 acid dragon scales.
  8774 | Ossuary  | 8774 ||| READING scroll of enchant armour.
  8774 | Ossuary  | 8774 ||| ENCHANTING +4 acid dragon scales.
  8775 | Ossuary  | 8775 ||| DROPPING +0 chain mail.
  8788 | D:7      | 8788 ||| PLANNING D:1-11
  8923 | D:7      | 8923 ||| Stepping ~*~*~tactically~*~*~ (hiding).
  9323 | D:8      | 9323 ||| Stepping ~*~*~tactically~*~*~ (hiding).
  9425 | D:8      | 9425 ||| Stepping ~*~*~tactically~*~*~ (hiding).
  9426 | D:8      | 9426 ||| Stepping ~*~*~tactically~*~*~ (hiding).
  9428 | D:8      | 9428 ||| Stepping ~*~*~tactically~*~*~ (stealth).
  9431 | D:8      | 9431 ||| STAIRDANCE
  9574 | D:8      | 9574 ||| STAIRDANCE
  9620 | D:8      | Found a staircase to the Lair.
  9629 | D:8      | Reached skill level 14 in Axes
  9640 | D:8      | 9640 ||| FLEEEEING.
  9641 | D:8      | 9641 ||| FLEEEEING.
  9642 | D:8      | 9642 ||| FLEEEEING.
  9643 | D:8      | 9643 ||| FLEEEEING.
  9644 | D:8      | 9644 ||| STAIRDANCE
  9799 | D:8      | 9799 ||| Stepping ~*~*~tactically~*~*~ (hiding).
  9805 | D:8      | Reached skill level 15 in Axes
  9807 | D:8      | 9807 ||| FLEEEEING.
  9808 | D:8      | 9808 ||| STAIRDANCE
  9932 | D:8      | 9932 ||| Stepping ~*~*~tactically~*~*~ (hiding).
  9934 | D:8      | 9934 ||| Stepping ~*~*~tactically~*~*~ (hiding).
 10062 | D:8      | Found an iron altar of Okawaru.
 10125 | D:8      | Noticed a centaur warrior
 10129 | D:8      | Killed a centaur warrior
 10130 | D:8      | Reached skill level 9 in Fighting
 10256 | D:8      | Found Vieduc's Elemental Accessories.
 10278 | D:8      | 10278 ||| Stepping ~*~*~tactically~*~*~ (stealth).
 10302 | D:8      | 10302 ||| Stepping ~*~*~tactically~*~*~ (stealth).
 10509 | D:8      | Noticed Prince Ribbit
 10513 | D:8      | Killed Prince Ribbit
 10800 | D:8      | Found a bloodstained altar of Trog.
 10802 | D:8      | Noticed a wizard
 10806 | D:8      | Killed a wizard
 10981 | D:9      | 10981 ||| STAIRDANCE
 11057 | D:9      | Found a glowing golden altar of the Shining One.
 11058 | D:9      | Noticed a soul eater
 11058 | D:9      | Noticed a rust devil
 11059 | D:9      | 11059 ||| Stepping ~*~*~tactically~*~*~ (stealth).
 11065 | D:9      | Reached XP level 11. HP: 90/97 MP: 10/10
 11073 | D:9      | HP: 21/92 [rust devil (3)]
 11074 | D:9      | 11074 ||| READING 2 scrolls of teleportation.
 11074 | D:9      | HP: 5/92 [soul eater (16)]
 11075 | D:9      | 11075 ||| DRINKING 2 potions of heal wounds.
 11076 | D:9      | Killed a soul eater
 11077 | D:9      | Reached skill level 16 in Axes
 11411 | D:9      | Reached skill level 6 in Shields
 11569 | D:9      | 11569 ||| DROPPING +2 flail of protection.
 11597 | D:9      | 11597 ||| Stepping ~*~*~tactically~*~*~ (stealth).
 11817 | D:9      | 11817 ||| Stepping ~*~*~tactically~*~*~ (hiding).
 11919 | D:9      | 11919 ||| Stepping ~*~*~tactically~*~*~ (hiding).
 12021 | D:9      | 12021 ||| Stepping ~*~*~tactically~*~*~ (hiding).
 12348 | D:9      | 12348 ||| Stepping ~*~*~tactically~*~*~ (stealth).
 12425 | D:9      | Found a sacrificial altar of Ru.
 12430 | D:9      | Became a worshipper of Ru the Awakened
 12570 | D:9      | 12570 ||| UPGRADING to +0 plate armour.
 12580 | D:9      | 12580 ||| DROPPING +5 acid dragon scales.
 12581 | D:9      | 12581 ||| UPGRADING to +0 pair of boots.
 12586 | D:9      | 12586 ||| READING scroll labelled VOANUPHEFA.
 12589 | D:10     | Entered Level 10 of the Dungeon
 12709 | D:10     | Found a stormy altar of Qazlal.
 12822 | D:10     | 12822 ||| Stepping ~*~*~tactically~*~*~ (hiding).
 12871 | D:10     | 12871 ||| Stepping ~*~*~tactically~*~*~ (stealth).
 12880 | D:10     | 12880 ||| Stepping ~*~*~tactically~*~*~ (hiding).
 12990 | D:10     | 12990 ||| Stepping ~*~*~tactically~*~*~ (stealth).
 12991 | D:10     | 12991 ||| Stepping ~*~*~tactically~*~*~ (stealth).
 12993 | D:10     | 12993 ||| Stepping ~*~*~tactically~*~*~ (stealth).
 13042 | D:10     | Reached skill level 6 in Armour
 13152 | D:10     | 13152 ||| Stepping ~*~*~tactically~*~*~ (stealth).
 13160 | D:10     | 13160 ||| Stepping ~*~*~tactically~*~*~ (stealth).
 13161 | D:10     | 13161 ||| Stepping ~*~*~tactically~*~*~ (stealth).
 13637 | D:10     | 13637 ||| READING scroll labelled QAUTAY TOJYIZXEU.
 13637 | D:10     | Identified a scroll of acquirement
 13637 | D:10     | 13637 ||| ACQUIRING +0 crystal plate armour
 13637 | D:10     | Acquired a +0 crystal plate armour
 13639 | D:10     | 13639 ||| UPGRADING to +0 crystal plate armour.
 13649 | D:10     | 13649 ||| DROPPING +0 plate armour.
 13680 | D:11     | 13680 ||| STAIRDANCE
 13684 | D:10     | 13684 ||| INVOKING Sacrifice Artifice.
 13684 | D:10     | Gained mutation: You cannot study or use magical devices.
                  | [Ru sacrifice]
 13684 | D:10     | Reached * piety under Ru
 13684 | D:10     | Reached ** piety under Ru
 13687 | D:11     | 13687 ||| STAIRDANCE
 13763 | D:11     | 13763 ||| STAIRDANCE
 13773 | D:10     | Reached skill level 9 in Armour
 13797 | D:11     | 13797 ||| STAIRDANCE
 13986 | D:11     | Identified the +11 rapier of the Rat {holy, rElec rF+ rC+}
 14169 | D:11     | Noticed a two-headed ogre
 14177 | D:11     | Killed a two-headed ogre
 14178 | D:11     | Reached XP level 12. HP: 106/106 MP: 11/11
 14220 | D:11     | 14220 ||| Stepping ~*~*~tactically~*~*~ (hiding).
 14234 | D:11     | Found Ocritimp's Weapon Boutique.
 14234 | D:11     | Found a staircase to the Orcish Mines.
 14313 | D:11     | Found Puumyces's Armour Boutique.
 14442 | D:11     | Reached skill level 17 in Axes
 14585 | D:11     | Noticed a two-headed ogre
 14586 | D:11     | Noticed an eight-headed hydra
 14590 | D:11     | 14590 ||| SWAPPING to +0 morningstar.
 14592 | D:11     | 14592 ||| Stepping ~*~*~tactically~*~*~ (outnumbered).
 14593 | D:11     | 14593 ||| Stepping ~*~*~tactically~*~*~ (outnumbered).
 14596 | D:11     | Killed an eight-headed hydra
 14597 | D:11     | 14597 ||| SWAPPING to +2 war axe of draining.
 14599 | D:11     | Killed a two-headed ogre
 15048 | D:11     | 15048 ||| PLANNING LAIR
 15085 | D:9      | 15085 ||| READING 4 scrolls of teleportation.
 15261 | Lair:1   | Entered Level 1 of the Lair of Beasts
 15301 | Lair:1   | 15301 ||| Stepping ~*~*~tactically~*~*~ (stealth).
 15625 | Lair:1   | Identified the +9 falchion "Loopy" {protect, rF+ rN+}
 15646 | Lair:1   | 15646 ||| Stepping ~*~*~tactically~*~*~ (stealth).
 15651 | Lair:1   | 15651 ||| Stepping ~*~*~tactically~*~*~ (stealth).
 15752 | Lair:1   | 15752 ||| Stepping ~*~*~tactically~*~*~ (stealth).
 15753 | Lair:1   | 15753 ||| Stepping ~*~*~tactically~*~*~ (stealth).
 15754 | Lair:1   | 15754 ||| Stepping ~*~*~tactically~*~*~ (stealth).
 15759 | Lair:1   | 15759 ||| Stepping ~*~*~tactically~*~*~ (stealth).
 15760 | Lair:1   | 15760 ||| Stepping ~*~*~tactically~*~*~ (stealth).
 15764 | Lair:1   | 15764 ||| Stepping ~*~*~tactically~*~*~ (stealth).
 15765 | Lair:1   | 15765 ||| Stepping ~*~*~tactically~*~*~ (stealth).
 15768 | Lair:1   | 15768 ||| Stepping ~*~*~tactically~*~*~ (stealth).
 15778 | Lair:1   | Reached skill level 12 in Armour
 15869 | Lair:1   | Found a runed translucent door.
 15870 | Lair:1   | Noticed qw's ghost (novice GrFi)
 15872 | Lair:1   | Identified the +5 trident of Tortured Absolution
                  | {antimagic, Fragile rElec Str+4 Dex+3}
 16667 | Lair:1   | 16667 ||| INVOKING Sacrifice Love.
 16667 | Lair:1   | Gained mutation: You are hated by all. [Ru sacrifice]
 16667 | Lair:1   | Reached *** piety under Ru
 16668 | Lair:1   | 16668 ||| DROPPING amulet of guardian spirit.
 16669 | Lair:1   | 16669 ||| UPGRADING to +4 ring of protection.
 16671 | Lair:1   | 16671 ||| DROPPING +6 ring of dexterity.
 16688 | Lair:2   | Found a glowing golden altar of the Shining One.
 16693 | Lair:2   | 16693 ||| STAIRDANCE
 16808 | Lair:2   | 16808 ||| Stepping ~*~*~tactically~*~*~ (stealth).
 16812 | Lair:2   | 16812 ||| Stepping ~*~*~tactically~*~*~ (stealth).
 16847 | Lair:2   | 16847 ||| Stepping ~*~*~tactically~*~*~ (stealth).
 17421 | Lair:2   | 17421 ||| Stepping ~*~*~tactically~*~*~ (stealth).
 17460 | Lair:2   | Found a staircase to the Shoals.
 17485 | Lair:2   | Reached skill level 12 in Fighting
 17633 | Lair:2   | 17633 ||| DROPPING ring of ice.
 17715 | Lair:3   | Reached XP level 13. HP: 115/118 MP: 12/12
 17811 | Lair:3   | 17811 ||| SWAPPING to +0 morningstar.
 17814 | Lair:3   | 17814 ||| SWAPPING to +2 war axe of draining.
 17913 | Lair:3   | 17913 ||| Stepping ~*~*~tactically~*~*~ (stealth).
 17931 | Lair:3   | Noticed Gastronok
 17952 | Lair:3   | Killed Gastronok
 18218 | Lair:3   | Noticed Urug
 18232 | Lair:3   | Killed Urug
 18579 | Lair:3   | 18579 ||| Stepping ~*~*~tactically~*~*~ (hiding).
 18581 | Lair:3   | 18581 ||| Stepping ~*~*~tactically~*~*~ (hiding).
 18582 | Lair:3   | 18582 ||| Stepping ~*~*~tactically~*~*~ (hiding).
 18583 | Lair:3   | 18583 ||| Stepping ~*~*~tactically~*~*~ (hiding).
 18584 | Lair:3   | 18584 ||| Stepping ~*~*~tactically~*~*~ (hiding).
 18585 | Lair:3   | 18585 ||| Stepping ~*~*~tactically~*~*~ (hiding).
 18587 | Lair:3   | 18587 ||| Stepping ~*~*~tactically~*~*~ (hiding).
 18744 | Lair:3   | Found a staircase to the Snake Pit.
 18950 | Lair:3   | 18950 ||| DROPPING +6 ring of intelligence.
 18951 | Lair:3   | 18951 ||| READING 13 scrolls of identify.
 18951 | Lair:3   | 18951 ||| IDENTIFYING dark potion
 18952 | Lair:3   | 18952 ||| DROPPING potion of invisibility.
 18981 | Lair:4   | 18981 ||| STAIRDANCE
 18989 | Lair:4   | 18989 ||| STAIRDANCE
 18998 | Lair:3   | Reached skill level 6 in Throwing
 19000 | Lair:4   | 19000 ||| STAIRDANCE
 19006 | Lair:4   | 19006 ||| STAIRDANCE
 19108 | Lair:4   | 19108 ||| Stepping ~*~*~tactically~*~*~ (hiding).
 19191 | Lair:4   | 19191 ||| SWAPPING to +0 morningstar.
 19195 | Lair:4   | 19195 ||| SWAPPING to +2 war axe of draining.
 19281 | Lair:4   | 19281 ||| FLEEEEING.
 19282 | Lair:4   | 19282 ||| STAIRDANCE
 19398 | Lair:4   | 19398 ||| STAIRDANCE
 19404 | Lair:4   | 19404 ||| STAIRDANCE
 19484 | Lair:4   | 19484 ||| INVOKING Sacrifice Nimbleness.
 19484 | Lair:4   | Gained mutation: You cannot train Dodging skill. [Ru
                  | sacrifice]
 19484 | Lair:4   | Reached **** piety under Ru
 19492 | Lair:4   | 19492 ||| Stepping ~*~*~tactically~*~*~ (stealth).
 19772 | Lair:4   | Found a runed translucent door.
 19773 | Lair:4   | Found a staircase to the Slime Pits.
 19773 | Lair:4   | Noticed an azure jelly
 19773 | Lair:4   | Noticed an azure jelly
 19899 | Lair:4   | 19899 ||| Stepping ~*~*~tactically~*~*~ (stealth).
 19904 | Lair:4   | 19904 ||| Stepping ~*~*~tactically~*~*~ (stealth).
 20072 | Lair:5   | Entered Level 5 of the Lair of Beasts
 20115 | Lair:5   | 20115 ||| Stepping ~*~*~tactically~*~*~ (stealth).
 20143 | Lair:5   | 20143 ||| Stepping ~*~*~tactically~*~*~ (stealth).
 20184 | Lair:5   | 20184 ||| Stepping ~*~*~tactically~*~*~ (stealth).
 20191 | Lair:5   | 20191 ||| Stepping ~*~*~tactically~*~*~ (stealth).
 20220 | Lair:5   | 20220 ||| Stepping ~*~*~tactically~*~*~ (stealth).
 20251 | Lair:5   | 20251 ||| SWAPPING to +0 morningstar.
 20261 | Lair:5   | HP: 29/122 [seven-headed hydra (2)]
 20262 | Lair:5   | 20262 ||| READING 4 scrolls of teleportation.
 20263 | Lair:5   | 20263 ||| INVOKING Draw Out Power.
 20265 | Lair:5   | 20265 ||| SWAPPING to +2 war axe of draining.
 20538 | Lair:5   | 20538 ||| Stepping ~*~*~tactically~*~*~ (stealth).
 20546 | Lair:5   | Found a dark tunnel.
 20613 | Lair:5   | Reached skill level 15 in Armour
 20645 | Lair:5   | 20645 ||| Stepping ~*~*~tactically~*~*~ (stealth).
 20766 | Lair:5   | 20766 ||| Stepping ~*~*~tactically~*~*~ (stealth).
 20771 | Lair:5   | Reached skill level 9 in Shields
 20772 | Lair:5   | 20772 ||| FLEEEEING.
 20773 | Lair:5   | 20773 ||| FLEEEEING.
 20774 | Lair:5   | 20774 ||| FLEEEEING.
 20780 | Lair:5   | 20780 ||| FLEEEEING.
 20781 | Lair:5   | 20781 ||| FLEEEEING.
 20785 | Lair:5   | 20785 ||| FLEEEEING.
 20786 | Lair:5   | 20786 ||| FLEEEEING.
 20787 | Lair:5   | 20787 ||| FLEEEEING.
 20788 | Lair:5   | 20788 ||| FLEEEEING.
 20789 | Lair:5   | 20789 ||| FLEEEEING.
 20790 | Lair:5   | 20790 ||| FLEEEEING.
 20791 | Lair:5   | 20791 ||| FLEEEEING.
 20792 | Lair:5   | 20792 ||| FLEEEEING.
 20793 | Lair:5   | 20793 ||| FLEEEEING.
 20794 | Lair:5   | 20794 ||| FLEEEEING.
 20795 | Lair:5   | 20795 ||| FLEEEEING.
 20796 | Lair:5   | 20796 ||| FLEEEEING.
 20797 | Lair:5   | 20797 ||| FLEEEEING.
 20798 | Lair:5   | 20798 ||| FLEEEEING.
 20799 | Lair:5   | 20799 ||| FLEEEEING.
 20800 | Lair:5   | 20800 ||| FLEEEEING.
 20801 | Lair:5   | 20801 ||| FLEEEEING.
 20802 | Lair:5   | 20802 ||| FLEEEEING.
 20803 | Lair:5   | 20803 ||| FLEEEEING.
 20804 | Lair:5   | 20804 ||| FLEEEEING.
 20807 | Lair:5   | 20807 ||| FLEEEEING.
 20808 | Lair:5   | 20808 ||| FLEEEEING.
 20809 | Lair:5   | 20809 ||| FLEEEEING.
 20810 | Lair:5   | 20810 ||| FLEEEEING.
 20814 | Lair:5   | 20814 ||| FLEEEEING.
 20815 | Lair:5   | 20815 ||| FLEEEEING.
 20816 | Lair:5   | 20816 ||| FLEEEEING.
 20817 | Lair:5   | 20817 ||| FLEEEEING.
 20818 | Lair:5   | 20818 ||| FLEEEEING.
 20819 | Lair:5   | 20819 ||| FLEEEEING.
 20820 | Lair:5   | 20820 ||| FLEEEEING.
 20821 | Lair:5   | 20821 ||| FLEEEEING.
 20822 | Lair:5   | 20822 ||| FLEEEEING.
 20823 | Lair:5   | 20823 ||| FLEEEEING.
 20824 | Lair:5   | 20824 ||| FLEEEEING.
 20826 | Lair:5   | 20826 ||| FLEEEEING.
 20827 | Lair:5   | 20827 ||| FLEEEEING.
 20828 | Lair:5   | 20828 ||| FLEEEEING.
 20829 | Lair:5   | 20829 ||| FLEEEEING.
 20833 | Lair:5   | 20833 ||| SWAPPING to +0 morningstar.
 20839 | Lair:5   | 20839 ||| SWAPPING to +2 war axe of draining.
 20847 | Lair:5   | 20847 ||| Stepping ~*~*~tactically~*~*~ (hiding).
 20848 | Lair:5   | 20848 ||| Stepping ~*~*~tactically~*~*~ (hiding).
 21151 | Lair:5   | 21151 ||| Stepping ~*~*~tactically~*~*~ (stealth).
 21188 | Lair:5   | 21188 ||| Stepping ~*~*~tactically~*~*~ (stealth).
 21204 | Lair:5   | Reached XP level 14. HP: 125/129 MP: 13/13
 21657 | Lair:5   | 21657 ||| PLANNING D
 21657 | Lair:5   | 21657 ||| DROPPING ring of positive energy.
 21771 | D:12     | Noticed Kirke
 21786 | D:12     | Killed Kirke
 21816 | D:12     | 21816 ||| Stepping ~*~*~tactically~*~*~ (water).
 21819 | D:12     | HP: 26/132 [fire elemental[a deep elf pyromancer] (11)]
 21820 | D:12     | 21820 ||| READING 3 scrolls of teleportation.
 21821 | D:12     | 21821 ||| INVOKING Draw Out Power.
 21824 | D:12     | 21824 ||| DRINKING potion of heal wounds.
 21825 | D:12     | 21825 ||| Stepping ~*~*~tactically~*~*~ (hiding).
 21829 | D:12     | 21829 ||| Stepping ~*~*~tactically~*~*~ (hiding).
 21834 | D:12     | HP: 21/126 [deep elf pyromancer/bolt of fire (26)]
 21835 | D:12     | 21835 ||| READING 2 scrolls of teleportation.
 21839 | D:12     | HP: 10/128 [poisoned by a deep elf pyromancer]
 22373 | D:12     | 22373 ||| INVOKING Sacrifice Arcana.
 22373 | D:12     | Gained mutation: You cannot study or cast Ice magic. [Ru
                  | sacrifice]
 22373 | D:12     | Gained mutation: You cannot study or cast Transmutations
                  | magic. [Ru sacrifice]
 22373 | D:12     | Gained mutation: You cannot study or cast Conjurations
                  | magic. [Ru sacrifice]
 22373 | D:12     | Reached ***** piety under Ru
 22422 | D:12     | 22422 ||| Stepping ~*~*~tactically~*~*~ (stealth).
 22427 | D:12     | 22427 ||| Stepping ~*~*~tactically~*~*~ (stealth).
 22430 | D:12     | 22430 ||| Stepping ~*~*~tactically~*~*~ (stealth).
 22433 | D:12     | 22433 ||| Stepping ~*~*~tactically~*~*~ (stealth).
 22438 | D:12     | 22438 ||| Stepping ~*~*~tactically~*~*~ (stealth).
 22501 | D:12     | 22501 ||| Stepping ~*~*~tactically~*~*~ (hiding).
 22503 | D:12     | 22503 ||| Stepping ~*~*~tactically~*~*~ (hiding).
 22598 | D:12     | 22598 ||| Stepping ~*~*~tactically~*~*~ (stealth).
 22633 | D:12     | 22633 ||| Stepping ~*~*~tactically~*~*~ (stealth).
 22634 | D:12     | 22634 ||| Stepping ~*~*~tactically~*~*~ (stealth).
 22635 | D:12     | 22635 ||| Stepping ~*~*~tactically~*~*~ (hiding).
 22761 | D:12     | 22761 ||| INVOKING Apocalypse.
 22762 | D:12     | 22762 ||| FLEEEEING.
 22763 | D:12     | 22763 ||| FLEEEEING.
 22773 | D:12     | 22773 ||| FLEEEEING.
 22774 | D:12     | 22774 ||| FLEEEEING.
 22775 | D:12     | 22775 ||| FLEEEEING.
 22776 | D:12     | 22776 ||| FLEEEEING.
 22777 | D:12     | 22777 ||| FLEEEEING.
 22778 | D:12     | 22778 ||| FLEEEEING.
 22785 | D:12     | 22785 ||| FLEEEEING.
 22786 | D:12     | 22786 ||| FLEEEEING.
 22787 | D:12     | 22787 ||| FLEEEEING.
 22788 | D:12     | 22788 ||| FLEEEEING.
 22789 | D:12     | 22789 ||| FLEEEEING.
 22790 | D:12     | 22790 ||| FLEEEEING.
 22900 | D:12     | 22900 ||| Stepping ~*~*~tactically~*~*~ (stealth).
 22901 | D:12     | 22901 ||| Stepping ~*~*~tactically~*~*~ (stealth).
 22902 | D:12     | 22902 ||| Stepping ~*~*~tactically~*~*~ (stealth).
 22971 | D:12     | 22971 ||| Stepping ~*~*~tactically~*~*~ (stealth).
 22975 | D:12     | 22975 ||| Stepping ~*~*~tactically~*~*~ (stealth).
 22982 | D:12     | 22982 ||| Stepping ~*~*~tactically~*~*~ (stealth).
 22983 | D:12     | 22983 ||| Stepping ~*~*~tactically~*~*~ (stealth).
 22984 | D:12     | 22984 ||| Stepping ~*~*~tactically~*~*~ (stealth).
 23003 | D:12     | 23003 ||| INVOKING Apocalypse.
 23607 | D:12     | 23607 ||| READING scroll labelled HAGICO QYICS.
 23612 | D:13     | 23612 ||| SWAPPING to +0 morningstar.
 23618 | D:13     | 23618 ||| SWAPPING to +2 war axe of draining.
 23621 | D:13     | HP: 25/115 [troll (6)]
 23622 | D:13     | 23622 ||| READING scroll of teleportation.
 23623 | D:13     | 23623 ||| INVOKING Draw Out Power.
 23633 | D:13     | HP: 22/109 [slime creature (8)]
 23640 | D:13     | HP: 17/113 [slime creature (6)]
 23643 | D:13     | 23643 ||| INVOKING Draw Out Power.
 23651 | D:13     | HP: 14/111 [skeletal warrior/+0 trident (14)]
 23656 | D:13     | Slain by a skeletal warrior

Levels and vault maps discovered:
D:1:      elethiomel_arrival_diamonds, layout_loops_ring
D:2:      layout_loops_ring, dreamdust_wishing_well, uniq_terence
D:3:      cheibrodos_fertilizer, layout_basic, nicolae_overflow_crystal_walls,
          chequers_ecumenical_altar_grove, uniq_sigmund
D:4:      layout_loops_ring, mainiacjoe_overflow_chevrons, portal_sewer_entry_d,
          minmay_pentangle
D:5:      lemuel_castle_with_subvaults [lemuel_castle_interior_carwin_2],
          layout_basic, nicolae_uskayaw_en_pointe,
          grunt_dithmenos_smoke_and_mirrors, mainiacjoe_overflow_divided_tiny,
          serial_shops, nicolae_shop_overgrown_old_shop, shop
D:6:      layout_loops_cross, mainiacjoe_overflow_surrounded_room,
          grunt_ministairs_14, grunt_decor_junction, minivault_26, uniq_maggie
D:7:      layout_basic, old_standard_altar, minmay_temple_entry_statues,
          gammafunk_ghost_necromancy, nicolae_ossuary_entry_monument
D:8:      mumra_celtic_spiral_tile, layout_basic, trog_wizard,
          okawaru_gym_becter, minmay_lair_entry_grove, nicolae_elemental_shop,
          minmay_small_thing, uniq_prince_ribbit1
D:9:      layout_roguey [special_room_orc], mainiacjoe_overflow_alcove_1,
          mainiacjoe_overflow_six_doors_small, serial_demonic, serial_demonic_d,
          serial_demonic_e, serial_demonic_d, serial_demonic_g
D:10:     layout_stronghold, nicolae_qazlal_scattered_showers,
          kennysheep_generic_room_6
D:11:     layout_roguey, orc_david_3
D:12:     layout_basic, kennysheep_flooded_box, uniq_kirke
D:13:     layout_big_octagon, skrybe_vaults_entry_preservation,
          chequers_serial_rivers_large_b, uniq_lodul, uniq_nessos, uniq_maurice
Lair:1:   layout_cave_pods, ebering_ghost_funeral_grove,
          grunt_forest_stairs_basic, columned_hall_lemuel, grunt_megastairs_3,
          serial_bayou_shore_b, lemuel_fruit_fields
Lair:2:   layout_loops_ring, elwin_shoals_entry_rooms, basic_altar
Lair:3:   layout_cave_pods, minmay_snake_entry_guardpost_large, uniq_gastronok,
          uniq_urug
Lair:4:   layout_misc_corridors, slime_entry_2, serial_bayou_shore_b,
          grunt_megastairs_5, serial_bayou_shore_a
Lair:5:   minmay_lair_end_enchanted_forest, layout_concentric_octagons,
          enter_volcano_1

Skill      XL: |  1  2  3  4  5  6  7  8  9 10 11 12 13 14 |
---------------+-------------------------------------------+-----
Axes           | 3 4 5 7 8 10 12 13 15 16 17 | 17.0
Dodging        | 1 2 3 6 0 |  0.0
Throwing       | 1 2 3 4 7 8 |  8.0
Fighting       | 4 5 6 8 9 10 12 13 14 | 14.5
Shields        | 4 5 6 7 9 |  9.0
Armour         | 10 13 15 16 | 16.0

Action                   |  1- 3 |  4- 6 |  7- 9 | 10-12 | 13-15 || total
-------------------------+-------+-------+-------+-------+-------++-------
Melee: War axe           |    53 |    98 |   223 |   501 |   442 ||  1317
       Headbutt          |     8 |    14 |    44 |   114 |   113 ||   293
       Flail             |       |       |     8 |       |       ||     8
       Morningstar       |       |       |       |     4 |    23 ||    27
Throw: Javelin           |    20 |    43 |    50 |    26 |    97 ||   236
       Boomerang         |       |       |    35 |    90 |    21 ||   146
Invok: Sacrifice Artific |       |       |       |     1 |       ||     1
       Sacrifice Love    |       |       |       |     1 |       ||     1
       Draw Out Power    |       |       |       |       |     4 ||     4
       Sacrifice Nimblen |       |       |       |       |     1 ||     1
       Apocalypse        |       |       |       |       |     2 ||     2
       Sacrifice Arcana  |       |       |       |       |     1 ||     1
  Use: Scroll            |     3 |     8 |    16 |     7 |     6 ||    40
       Potion            |       |       |     4 |     1 |     1 ||     6
 Stab: Distracted        |       |       |       |     2 |     3 ||     5
       Invisible         |       |       |       |       |     1 ||     1
Armor: Scale mail        |    27 |    22 |    44 |       |       ||    93
       Acid dragon scale |       |       |    18 |    37 |       ||    55
       Crystal plate arm |       |       |       |   120 |   256 ||   376
       Plate armour      |       |       |       |    24 |       ||    24
Dodge: Dodged            |    24 |    32 |   129 |   258 |   182 ||   625
Block: Buckler           |    12 |    20 |    59 |   144 |    91 ||   326

Table legend:
 A = Non-vault XP
 B = Vault XP
 C = Vault XP percentage of total XP
 D = Non-vault monster count
 E = Vault monster count
 F = Vault count percentage of total count
                 A         B        C        D         E       F
            +---------+---------+-------+---------+---------+-------
      Total |   58241 |   23099 |  28.4 |     360 |     254 |  41.4
            +---------+---------+-------+---------+---------+-------
        D:1 |      28 |       8 |  22.2 |      16 |       7 |  30.4
        D:2 |      88 |      38 |  30.2 |      23 |       1 |   4.2
        D:3 |     121 |     368 |  75.3 |      20 |      19 |  48.7
        D:4 |     250 |     188 |  42.9 |      13 |       9 |  40.9
        D:5 |     636 |     699 |  52.4 |      25 |      51 |  67.1
        D:6 |    1273 |     487 |  27.7 |      31 |       3 |   8.8
        D:7 |    1598 |     276 |  14.7 |      13 |       2 |  13.3
        D:8 |     770 |    3443 |  81.7 |       8 |      14 |  63.6
        D:9 |    1296 |    3088 |  70.4 |      13 |      32 |  71.1
       D:10 |    4399 |     153 |   3.4 |      32 |       1 |   3.0
       D:11 |    6537 |     280 |   4.1 |      33 |       9 |  21.4
       D:12 |    9599 |    1857 |  16.2 |      21 |       3 |  12.5
       D:13 |    2685 |       0 |   0.0 |      10 |       0 |   0.0
     Lair:1 |    4995 |     178 |   3.4 |      26 |       2 |   7.1
     Lair:2 |    5675 |     594 |   9.5 |      16 |       2 |  11.1
     Lair:3 |    3448 |    3376 |  49.5 |      14 |       9 |  39.1
     Lair:4 |    8878 |     147 |   1.6 |      29 |       1 |   3.3
     Lair:5 |    5965 |    7593 |  56.0 |      17 |      44 |  72.1
      Sewer |       0 |     119 | 100.0 |       0 |      29 | 100.0
    Ossuary |       0 |     207 | 100.0 |       0 |      16 | 100.0
            +---------+---------+-------+---------+---------+-------
